 Dungeon Crawl Stone Soup version 0.21-a0-529-g8c7b3f5 (webtiles) character file.

37 MatthieuS the Skirmisher (level 3, -5/33 HPs)
             Began as a Hill Orc Fighter on Dec 10, 2017.
             Killed from afar by Natasha (6 damage)
             ... with a magic dart
             ... on level 2 of the Dungeon.
             The game lasted 00:02:11 (783 turns).

MatthieuS the Skirmisher (Hill Orc Fighter)          Turns: 783, Time: 00:02:11

Health: -5/33      AC:  9    Str: 19    XL:     3   Next: 41%
Magic:  3/3        EV:  7    Int:  8    God:
Gold:   30         SH:  9    Dex: 10    Spells: 2/2 levels left

rFire    . . .     SeeInvis .   a - +0 long sword
rCold    . . .     Gourm    .   c - +0 shield
rNeg     + . .     Faith    .   b - +0 scale mail
rPois    .         Spirit   .   (no helmet)
rElec    .         Reflect  .   (no cloak)
rCorr    .         Harm     .   o - +1 pair of gloves
MR       .....                  (no boots)
Stlth    ..........             (no amulet)
HPRegen  0.11/turn              i - ring of positive energy
MPRegen  0.08/turn              (no ring)

@: slowed, very slow
A: no striking features
a: no special abilities


You were on level 2 of the Dungeon.
You were not hungry.

You visited 1 branch of the dungeon, and saw 2 of its levels.

You collected 30 gold pieces.

Inventory:

Hand Weapons
 a - a +0 long sword (weapon)
Armour
 b - a +0 scale mail (worn)
 c - a +0 shield (worn)
 o - a +1 pair of gloves (worn)
Jewellery
 i - a ring of positive energy (left hand)
 m - an uncursed amulet of faith {unknown}
Scrolls
 h - 3 scrolls of remove curse {unknown}
 j - a scroll of magic mapping {unknown}
 k - 2 scrolls of identify {unknown}
Potions
 d - a potion of might
 e - a potion of mutation {unknown}
 l - 2 potions of agility {unknown}
 n - a potion of ambrosia {unknown}
 p - a potion of experience {unknown}
Comestibles
 f - 2 bread rations
 g - 6 chunks of flesh


   Skills:
 + Level 4.1 Fighting
 + Level 2.8 Long Blades
 + Level 3.7 Armour
 + Level 3.7 Shields


You had 2 spell levels left.
You didn't know any spells.

Dungeon Overview and Level Annotations

Branches:
Dungeon (2/15)

Altars:

Annotations:
D:2 Natasha


Message History

The magic dart hits you!
* * * LOW HITPOINT WARNING * * *
You barely miss Natasha.
Natasha is almost dead.
You block Natasha's attack.
Natasha stares at you and mumbles some strange words.
You resist with significant effort.
You barely miss Natasha.
Natasha is almost dead.
You block Natasha's attack. Natasha barely misses you.
You closely miss Natasha.
Natasha is almost dead.
Natasha casts a spell at you. You resist with significant effort.
Natasha claws you but does no damage.
You hit Natasha but do no damage.
Natasha is almost dead.
Natasha closely misses you.
Natasha stares at you and mumbles some strange words.
The magic dart hits you!
You die...

.# ###### #. ... #....# #.
..# #....# #.######..#.
#....# #...............
#....# #.............)..
#....###....h..........# ##
#..........@...........## #.
#.....##................###.
#......#....................
#....#.#.###########.......<
######...# #........
#####..###### ####.>......
##...........###...........
##................##........
#.................##........


You could see Natasha.

Vanquished Creatures
  A worm (D:2)
  A dart slug (D:1)
  A leopard gecko (D:2)
  5 bats
  4 giant cockroaches
  3 goblins (D:1)
  3 hobgoblins (D:1)
  A quokka (D:2)
  5 frilled lizards (D:1)
  3 kobolds (D:1)
  3 rats (D:1)
30 creatures vanquished.

Notes
Turn   | Place    | Note
-------+----------+-------------------------------------------
     0 | D:1      | MatthieuS the Hill Orc Fighter began the quest for the Orb.
     0 | D:1      | Reached XP level 1. HP: 19/19 MP: 1/1
     2 | D:1      | Noticed an octopode
     2 | D:1      | Noticed an elf
     4 | D:1      | Noticed a troll
     4 | D:1      | Noticed a minotaur
     6 | D:1      | Noticed a spriggan
     6 | D:1      | Noticed a centaur
     8 | D:1      | Noticed a tengu
     8 | D:1      | Noticed a human
    10 | D:1      | Noticed a naga
    10 | D:1      | Noticed a merfolk
    12 | D:1      | Noticed a vampire
    12 | D:1      | Noticed a draconian
    14 | D:1      | Noticed a halfling
    14 | D:1      | Noticed a dwarf
    16 | D:1      | Noticed a demonspawn
    18 | D:1      | Noticed a ghoul
    20 | D:1      | Noticed an ogre
    22 | D:1      | Noticed a formicid
    22 | D:1      | Noticed a gargoyle
    24 | D:1      | Noticed a felid
    26 | D:1      | Noticed a vine stalker
    26 | D:1      | Noticed a demigod
    97 | D:1      | Reached XP level 2. HP: 25/27 MP: 2/2
   463 | D:1      | Reached skill level 4 in Fighting
   472 | D:1      | Reached XP level 3. HP: 32/33 MP: 3/3
   758 | D:2      | Noticed Natasha
   779 | D:2      | HP: 1/33 [Natasha/magic dart (3)]
   783 | D:2      | Killed from afar by Natasha

Vault maps used:
D:1:      kb_arrival_jail, hex_large, corner_web_ring
D:2:      first_bread, palyth_stone_intersect, uniq_natasha

Skill      XL: |  1  2 |
---------------+-------+-----
Fighting       | 4 |  4.1
Long Blades    | |  2.8
Armour         | |  3.7
Shields        | |  3.7

Action                   || total
-------------------------++-------
Melee: Long sword        ||   123
Armor: Scale mail        ||    75
Dodge: Dodged            ||    51
Block: Shield            ||    72
       Rpst.: Long sword ||    16

Table legend:
 A = Spawn XP
 B = Non-spawn XP
 C = Spawn XP percentage of total XP
 D = Spawn monster count
 E = Non-spawn monster count
 F = Spawn count percentage of total count
 G = Total turns spent on level
                    A         B        C        D         E        F      G
               +---------+---------+-------+---------+---------+-------+---------
         Total |       0 |      54 |   0.0 |       0 |      30 |   0.0 |   783
               +---------+---------+-------+---------+---------+-------+---------
           D:1 |       0 |      39 |   0.0 |       0 |      24 |   0.0 |   655
           D:2 |       0 |      15 |   0.0 |       0 |       6 |   0.0 |   128
               +---------+---------+-------+---------+---------+-------+---------
